 Dungeon Crawl Stone Soup version 0.28.0-45-g0d030f2227 (webtiles) character file.

Game seed: 16165223677230234061

53 zeratav the Insei (level 3, 0/24 HPs)
             Began as an Octopode Transmuter on Apr 11, 2022.
             Frozen to death by an endoplasm (4 damage)
             ... on level 3 of the Dungeon.
             The game lasted 00:05:47 (2830 turns).

zeratav the Insei (Octopode Transmuter)             Turns: 2830, Time: 00:05:48

Health: 0/24       AC:  1    Str:  9    XL:     3   Next: 89%
Magic:  5/6        EV: 13    Int: 15    God:
Gold:   47         SH:  0    Dex: 14    Spells: 2/6 levels left

rFire   . . .      SeeInvis .     - Unarmed
rCold   . . .      Faith    .   (no shield)
rNeg    . . .      Spirit   .   (helmet currently unavailable)
rPois   .          Reflect  .   (no amulet)
rElec   .          Harm     .   (no ring)
rCorr   .          Rampage  .   (no ring)
Will    .....                   (no ring)
Stlth   +++.......              (no ring)
HPRegen 0.08/turn               (no ring)
MPRegen 0.10/turn               (no ring)
                                (no ring)
                                (no ring)

@: appendages (expiring)
A: tentacle spike 3, almost no armour, amphibious, 8 rings, camouflage 1,
gelatinous body 1, (nimble swimmer 1), tentacles
a: End Transformation


You were on level 3 of the Dungeon.
One of your tentacles had grown a beastly spike.
You visited 1 branch of the dungeon, and saw 3 of its levels.

You collected 47 gold pieces.


Innate Abilities, Weirdness & Mutations

One of your tentacles has grown a beastly spike.
You cannot wear most types of armour.
You are amphibious.
You can wear up to eight rings at the same time.
Your skin changes colour to match your surroundings (Stealth+).
Your rubbery body absorbs attacks. (AC +1, EV +1)
((You are camouflaged when in or above water. (Stealth+)))
You have tentacles for arms and can constrict up to eight enemies at once.


   Skills:
 + Level 1.6 Fighting
 + Level 2.5 Dodging
 + Level 2.0 Stealth
 * Level 3.7 Unarmed Combat
 - Level 2.0 Spellcasting
 - Level 2.0 Transmutations


You had 2 spell levels left.
You knew the following spells:

 Your Spells              Type           Power      Damage    Failure   Level
a - Beastly Appendage     Tmut           14%        N/A       10%         1
b - Spider Form           Tmut/Pois      4%         N/A       41%         3

Your spell library contained the following spells:

 Spells                   Type           Power      Damage    Failure   Level
 Wereblood                Tmut           7%         N/A       14%         2
 Ice Form                 Ice/Tmut       4%         N/A       82%         4

Inventory:

Scrolls
 a - 5 scrolls of teleportation {unknown}
 b - a scroll of identify {unknown}
 c - a scroll of torment {unknown}
 e - a scroll of fear {unknown}
 f - a scroll of magic mapping {unknown}
 g - a scroll of brand weapon {unknown}
 h - a scroll of immolation {unknown}
Potions
 d - 2 potions of flight {unknown}

Dungeon Overview and Level Annotations

Branches:
Dungeon (3/15)

Altars:

Shops:
D:2 ==

Annotations:
D:2 Sigmund

#..#...#.#
.......#.## ##. #
#..#..... ....
..##.......# .....
..........<#......
#.$....#.........
##....#>.).....##.
......Z...........
......J@..........
..................
...#........######
.# #####....#
#....# ######


You could see an endoplasm and a centaur skeleton.


Message History

You open the door.
There is an open door here.
g - a scroll labelled YSTRAF UVUOHABO A frilled lizard comes into view.
Casting: Spider Form (potentially lethal; 41% risk of failure)
Confirm with . or Enter, or press ? or * to list all spells.
One of your tentacles grows a vicious spike.
MP[-1]
You lost 1 mp, and now have 5/6 mp.
You tentacle-slap the frilled lizard.
You kill the frilled lizard!
Your Stealth skill increases to level 2!
You see here a frilled lizard corpse.
Your transformation is almost over.
MP[+1]
Your mp is fully restored (6).
Sigmund the Dreaded comes into view.
He is wielding a +0 scythe.
A hobgoblin comes into view.
Your tentacle spike disappears.
You see here a scroll labelled XUXKIV HEREQ.
h - a scroll labelled XUXKIV HEREQ Sigmund shouts!
Found a stone staircase leading down.
Sigmund mumbles some strange words.
Sigmund flickers and vanishes!
Deactivating autopickup; reactivate with Ctrl-A.
A frilled lizard comes into view.
A bat comes into view.
The frilled lizard hisses angrily.
You tentacle-slap the frilled lizard but do no damage.
Your grab misses the frilled lizard. The frilled lizard misses you.
You closely miss the frilled lizard. You grab the frilled lizard.
You constrict the frilled lizard, but do no damage.
The bat hits you but does no damage.
You tentacle-slap the frilled lizard.
You kill the frilled lizard!
The bat closely misses you.
You closely miss the bat. You grab the bat.
You constrict the bat, but do no damage.
The bat closely misses you.
The bat struggles to escape constriction.
The bat barely misses you.
You completely miss the bat. You squeeze the bat. You constrict the bat.
You kill the bat!
Something hits you.
HP[-4]
You take 4 damage, and now have 20/24 hp.
You see here a bat corpse.
Found Tuddyos's Jewellery Shop.
You see here a scroll labelled OXUTOD RUEGOJA.
HP[+1]
a - 5 scrolls labelled OXUTOD RUEGOJA (gained 1)
A puff of flame appears from out of thin air!
The puff of flame hits you!
* * * LOW HITPOINT WARNING * * *
HP[-10]
You take 10 damage, and now have 11/24 hp.
MASSIVE DAMAGE!! (PAUSE)
You see here 13 gold pieces.
There is a stone staircase leading down here.
HP[+1]
You climb downwards.
Reactivating autopickup.
Found 11 gold pieces.
Found a stone staircase leading down.
There is a stone staircase leading up here.
Casting: Beastly Appendage (safe; 10% risk of failure)
Confirm with . or Enter, or press ? or * to list all spells.
One of your tentacles grows a vicious spike.
MP[-1]
You lost 1 mp, and now have 5/6 mp.
The helpless kobold fails to defend itself.
You tentacle-slap the kobold but do no damage.
You grab the kobold.
You pierce the kobold, but do no damage.
You constrict the kobold.
You tentacle-slap the kobold but do no damage.
You constrict the kobold, but do no damage.
The endoplasm quivers.
The kobold hits you with a +0 short sword.
* * * LOW HITPOINT WARNING * * *
HP[-3]
You take 3 damage, and now have 9/24 hp.
You tentacle-slap the kobold.
You kill the kobold!
Things that are here:
a +0 short sword {short}; 2 stones {throwing} Your transformation is almost over.
You tentacle-slap the endoplasm but do no damage.
The endoplasm freezes you.
You are frozen.
* * * LOW HITPOINT WARNING * * *
The centaur skeleton completely misses you.
The centaur skeleton misses you.
HP[-5]
You take 5 damage, and now have 4/24 hp.
MASSIVE DAMAGE!! (PAUSE)
You completely miss the endoplasm. You tentacle-slap the endoplasm.
The endoplasm freezes you.
You are frozen.
You die...

Skill      XL: |  1  2  3 |
---------------+----------+-----
Stealth        | 1 2 |  2.0
Fighting       | |  1.6
Dodging        | |  2.5
Unarmed Combat | |  3.7
Spellcasting   | |  2.0
Transmutations | |  2.0

Action                   || total
-------------------------++-------
Melee: Unarmed           ||    87
       Constrict         ||    24
       Tentacles         ||    12
       Kick              ||     8
       Punch             ||     5
 Cast: Beastly Appendage ||    16
       Spider Form       ||     1
 Stab: Sleeping          ||     5
Armor: Skin              ||     6
Dodge: Dodged            ||    61

Levels and vault maps discovered:
D:1:      dpeg_arrival_orchard, layout_loops_ring,
          ebering_ecumenical_altar_mist, hangedman_decor_opposing
D:2:      layout_basic, serial_shops, nicolae_square_shop, shop, uniq_robin,
          uniq_sigmund
D:3:      layout_basic, mainiacjoe_overflow_large_starburst, serial_park_tiny_1

Notes
Turn   | Place    | Note
-------+----------+-------------------------------------------
     0 | D:1      | zeratav the Octopode Transmuter began the quest for the
                  | Orb.
     0 | D:1      | Reached XP level 1. HP: 13/13 MP: 3/3
     0 | D:1      | magus.rc [v1.9.6]
   175 | D:1      | Found a faded altar of an unknown god.
   197 | D:1      | Reached XP level 2. HP: 13/18 MP: 3/5
   521 | D:1      | Reached skill level 1 in Stealth
   962 | D:2      | Found Fybuecwu's Jewellery Shop.
  1324 | D:2      | Noticed Robin
  1325 | D:2      | HP: 4/18 [Robin/+0 trident (6)]
  1325 | D:2      | HP: 1/18 [goblin/+0 club[Robin] (3)]
  1717 | D:2      | Reached XP level 3. HP: 7/23 MP: 4/6
  1944 | D:1      | Learned a level 3 spell: Spider Form
  1958 | D:2      | Killed Robin
  2755 | D:2      | Reached skill level 2 in Stealth
  2767 | D:2      | Noticed Sigmund
  2806 | D:2      | Found Tuddyos's Jewellery Shop.
  2829 | D:3      | HP: 4/24 [frozen (5)]
  2830 | D:3      | Frozen to death by an endoplasm

Vanquished Creatures
  Robin (D:2)
  A worm (D:2)
  A dart slug (D:1)
  2 endoplasms (D:1)
  A giant cockroach (D:2)
  4 hobgoblins
  4 jackals (D:2)
  4 bats
  3 frilled lizards (D:2)
  9 goblins
  4 kobolds
  A rat (D:1)
35 creatures vanquished.

Table legend:
 A = Non-vault XP
 B = Vault XP
 C = Vault XP percentage of total XP
 D = Non-vault monster count
 E = Vault monster count
 F = Vault count percentage of total count
                 A         B        C        D         E       F
            +---------+---------+-------+---------+---------+-------
      Total |      41 |      36 |  46.8 |      23 |      12 |  34.3
            +---------+---------+-------+---------+---------+-------
        D:1 |      15 |      11 |  42.3 |       9 |       6 |  40.0
        D:2 |      24 |      25 |  51.0 |      13 |       6 |  31.6
        D:3 |       2 |       0 |   0.0 |       1 |       0 |   0.0
            +---------+---------+-------+---------+---------+-------

Illustrated notes

Table legend:
 A = Kills in this place as a percentage of kills in entire the game.
 B = Kills by you in this place as a percentage of kills by you in the entire game.
 C = Kills by friends in this place as a percentage of kills by friends in the entire game.
 D = Other kills in this place as a percentage of other kills in the entire game.
 E = Experience gained in this place as a percentage of experience gained in the entire game.
 F = Experience gained in this place divided by the number of levels of this place that you have seen.
                   A       B       C       D       E      F
               +-------+-------+-------+-------+-------+----------------------
         Total | 100.0 | 100.0 |   N/A |   N/A | 100.0 |  25.7
       Dungeon | 100.0 | 100.0 |   N/A |   N/A | 100.0 |  25.7
               +-------+-------+-------+-------+-------+----------------------

Table legend: (Time is in decaauts)
 A = Elapsed time spent in this place.
 B = Non-inter-level travel time spent in this place.
 C = Inter-level travel time spent in this place.
 D = Time resting spent in this place.
 E = Time spent auto-exploring this place.
 F = Levels seen in this place.
 G = Mean time per level.
                   A        B        C        D        E       F      G
               +--------+--------+--------+--------+--------+-----+--------+
         Total |   2826 |   2623 |    203 |   1128 |    967 |   3 |  942.0 |
       Dungeon |   2826 |   2623 |    203 |   1128 |    967 |   3 |  942.0 |
               +--------+--------+--------+--------+--------+-----+--------+

Top non-repeatable levels by time:
     D:1: 1868 daAuts
     D:2: 948 daAuts
     D:3: 9 daAuts
